 Dungeon Crawl Stone Soup version 0.29.0-13-gc9e81de378 (webtiles) character file.

Game seed: 15410802427855207894

3 inqbanana the Chopper (level 1, -1/19 HPs)
             Began as a Meteoran Berserker on Sept 7, 2022.
             Was a Follower of Trog.
             Slain by a hobgoblin zombie (2 damage)
             ... in an ossuary.
             The game lasted 00:01:55 (494 turns).

inqbanana the Chopper (Meteoran Berserker)           Turns: 494, Time: 00:01:56

Health: -1/19      AC:  2    Str: 18    XL:     1   Next: 71%
Magic:  2/2        EV: 12    Int:  8    God:    Trog [*.....]
Gold:   45         SH:  0    Dex: 13    Spells: 0/0 levels left

rFire   . . .      SeeInvis .   a - +0 hand axe
rCold   . . .      Faith    .   (no shield)
rNeg    . . .      Spirit   .   b - +0 animal skin
rPois   .          Reflect  .   (no helmet)
rElec   .          Harm     .   (no cloak)
rCorr   .          Rampage  .   (no gloves)
Will    .....                   (no boots)
Stlth   +.........              (no amulet)
HPRegen 0.06/turn               (no ring)
MPRegen 0.08/turn               (no ring)

@: glowing
A: sense surroundings 1, otherworldly, glowing, explore regen
a: Renounce Religion, Berserk


You were in an ossuary.
You worshipped Trog.
Trog was aware of your devotion.
You visited 1 branch of the dungeon, and saw 3 of its levels.
You also visited: Ossuary.

You collected 45 gold pieces.

Inventory:

Hand Weapons
 a - a +0 hand axe (weapon)
Armour
 b - a +0 animal skin (worn)


   Skills:
 + Level 3.3 Fighting
 * Level 3.7 Axes
 + Level 2.5 Armour
 + Level 2.5 Dodging


You couldn't memorise any spells.
You didn't know any spells.
Your spell library was empty.

Dungeon Overview and Level Annotations

Branches:
Dungeon (4/15) Zot: 1336  Ossuary (1/1) Zot: 567
 Temple: D:4-7

Altars:


Innate Abilities, Weirdness & Mutations

You passively map a small area around you.
You are easily found by Zot.
You glow in the dark.
You regain HP and MP as you explore.


Message History

The quokka zombie is heavily damaged.
You hit the quokka zombie. The quokka zombie bites you. x2
The quokka zombie attacks as you move away!
The quokka zombie bites you but does no damage.
You closely miss the quokka zombie.
The quokka zombie is heavily damaged.
The quokka zombie bites you.
You barely miss the quokka zombie.
The quokka zombie is heavily damaged.
You hit the quokka zombie. The quokka zombie bites you. x2
You hit the quokka zombie.
The quokka zombie is severely damaged.
You hit the quokka zombie.
You destroy the quokka zombie!
Trog accepts your kill. The quokka zombie bites you.
* * * LOW HITPOINT WARNING * * *
You aren't carrying any potions.
You hit the rat zombie.
The rat zombie is severely damaged.
You barely miss the quokka zombie. The quokka zombie misses you.
The rat zombie bites you.
* * * LOW HITPOINT WARNING * * *
The quokka zombie completely misses you.
You hit the rat zombie.
The rat zombie is severely damaged.
You hit the quokka zombie but do no damage.
The rat zombie bites you but does no damage.
The quokka zombie bites you but does no damage.
You barely miss the rat zombie. You punch the rat zombie.
You destroy the rat zombie!
Trog accepts your kill.
You hit the quokka zombie but do no damage.
The quokka zombie bites you.
* * * LOW HITPOINT WARNING * * *
You barely miss the quokka zombie.
The quokka zombie is severely damaged.
You completely miss the hobgoblin zombie.
The quokka zombie misses you. The hobgoblin zombie hits you.
You die...

#......# #...... ,
#....., , #....,, *
* #... , , , #..# ,
, *,, , #..#∩, * **
, #.Z## * * .
#.Z@#### ,, * ##..
#......########.....
#...................
#........∩..∩.......
####################


You could see a quokka zombie and a hobgoblin zombie.

Vanquished Creatures
  An endoplasm (D:2)
  A hobgoblin zombie (Ossuary)
  A quokka zombie (Ossuary)
  A rat zombie (Ossuary)
4 creatures vanquished.

Notes
Turn   | Place    | Note
-------+----------+-------------------------------------------
     0 | D:1      | inqbanana the Meteoran Berserker began the quest for the
                  | Orb.
     0 | D:1      | Reached XP level 1. HP: 19/19 MP: 2/2
   437 | D:2      | You fall into a shaft and drop 2 floors!
   460 | D:4      | Found a sand-covered staircase.
   464 | Ossuary  | Entered an ossuary
   494 | Ossuary  | Slain by a hobgoblin zombie

Illustrated notes

Levels and vault maps discovered:
D:1:      dpeg_arrival_boxorama, layout_loops_ring
D:2:      layout_basic, uniq_sigmund
D:4:      layout_loops_cross, marbit_many_paths,
          minmay_temple_entry_enclosed_plants, enter_ossuary_5,
          ebering_ghost_rock_garden, serial_bayou, serial_bayou_lake_a,
          serial_bayou_pond_c, serial_bayou_lagoon_a
Ossuary:  minmay_ossuary_two_tombs

Action                   || total
-------------------------++-------
Melee: Hand axe          ||    14
       Punch             ||     1
  Use: Scroll            ||     4
Armor: Animal skin       ||     5
Dodge: Dodged            ||     7
